[Event "WJCC U20 Open 2019"]
[Site "New Delhi"]
[Date "2019.10.21"]
[Round "7.23"]
[White "Vykouk, Jan"]
[Black "Zlatin, Alexander"]
[Result "0-1"]
[ECO "A05"]
[WhiteElo "2468"]
[BlackElo "2263"]
[Annotator "ChessBase"]
[PlyCount "124"]
[EventDate "2019.10.15"]
[EventType "swiss"]
[EventCountry "IND"]
[SourceTitle "playchess.com"]
[Source "ChessBase"]
[SourceQuality "1"]
[TimeControl "40/5400+30:1800+30"]

1. Nf3 Nf6 2. c4 c6 3. g3 d5 4. b3 e6 5. Bg2 Nbd7 6. Bb2 Bd6 7. O-O O-O 8. d3 Re8 9. Nbd2 e5 10. Qc2 a5 11. cxd5 cxd5 12. Rac1 Qe7 13. e4 dxe4 14. dxe4 b5 15. Nh4 g6 16. Rfd1 Bb7 17. Nf1 Bc5 18. Qe2 Qe6 19. Rc2 Qb6 20. Bc1 Rac8 21. Be3 Bxe3 22. Nxe3 Rxc2 23. Qxc2 Nc5 24. Nd5 Bxd5 25. exd5 e4 26. Qe2 Nd3 27. Bf1 Rd8 28. Qc2 Nxd5 29. a3 Ne3 30. fxe3 Qxe3+ 31. Kh1 Nf2+ 32. Qxf2 Qxf2 33. Rxd8+ Kg7 34. Bxb5 e3 35. Re8 g5 36. Ng2 Qf5 37. Rxe3 Qxb5 38. h3 Qc5 39. a4 f5 40. Kh2 Kf6 41. Kh1 Qc2 42. Kg1 Qd1+ 43. Kf2 h6 44. h4 Qd4 45. hxg5+ hxg5 46. Ke2 Kg6 47. Ne1 Qb2+ 48. Kf1 Qd2 49. Rd3 Qc1 50. Rf3 f4 51. gxf4 gxf4 52. Ke2 Kf5 53. Ng2 Qc2+ 54. Kf1 Qd1+ 55. Kf2 Qd2+ 56. Kg1 Kg4 57. Rf2 Qc1+ 58. Rf1 Qc5+ 59. Kh2 Qh5+ 60. Kg1 Kg3 61. Rf2 Qd1+ 62. Rf1 Qd4+ 0-1

[Event "WJCC U20 Open 2019"]
[Site "New Delhi"]
[Date "2019.10.21"]
[Round "7.24"]
[White "Rahul Srivatshav P"]
[Black "Kukelko, Alexey"]
[Result "1-0"]
[ECO "D45"]
[WhiteElo "2460"]
[BlackElo "2342"]
[Annotator "ChessBase"]
[PlyCount "80"]
[EventDate "2019.10.15"]
[EventType "swiss"]
[EventCountry "IND"]
[SourceTitle "playchess.com"]
[Source "ChessBase"]
[SourceQuality "1"]
[TimeControl "40/5400+30:1800+30"]

1. d4 d5 2. c4 e6 3. Nc3 c6 4. e3 Nf6 5. Nf3 Nbd7 6. Qc2 Bd6 7. Bd3 O-O 8. O-O dxc4 9. Bxc4 e5 10. h3 b5 11. Bd3 Bb7 12. dxe5 Nxe5 13. Nxe5 Bxe5 14. e4 Re8 15. Be3 Qe7 16. Ne2 Bc7 17. Bc5 Qe5 18. f4 Qxc5+ 19. Qxc5 Bb6 20. Qxb6 axb6 21. e5 Nd7 22. Nd4 Rad8 23. Rad1 Nc5 24. Be2 Na4 25. Nf5 Nxb2 26. Rb1 Na4 27. Nd6 Re7 28. Bf3 Ba8 29. Rbc1 Nc5 30. Rfd1 Red7 31. Bg4 Ne6 32. f5 Nc7 33. f6 Ne6 34. fxg7 Kxg7 35. Rc3 h5 36. Bxh5 c5 37. Rf1 Rf8 38. Rg3+ Kh7 39. Bxf7 Re7 40. Rf6 Nd4 1-0

[Event "WJCC U20 Open 2019"]
[Site "New Delhi"]
[Date "2019.10.21"]
[Round "7.26"]
[White "Tifferet, Shaked"]
[Black "Bharath Subramaniyam H"]
[Result "0-1"]
[ECO "B41"]
[WhiteElo "2224"]
[BlackElo "2417"]
[Annotator "NA"]
[PlyCount "80"]
[EventDate "2019.10.15"]
[EventType "swiss"]
[EventCountry "IND"]
[SourceTitle "playchess.com"]
[Source "ChessBase"]
[SourceQuality "1"]
[TimeControl "40/5400+30:1800+30"]

1. e4 c5 2. Nf3 e6 3. d4 cxd4 4. Nxd4 a6 5. c4 Nf6 6. Nc3 Qc7 7. Be2 Bb4 8. Nc2 Be7 9. Be3 d6 10. g4 h6 11. h4 Nc6 12. f3 Bd7 13. Qd2 Ne5 14. b3 b5 15. cxb5 axb5 16. Nxb5 Nxf3+ 17. Bxf3 Bxb5 18. Nd4 Ba6 19. e5 Nd5 20. Bxd5 exd5 21. e6 Bf6 22. Rc1 Qe7 23. exf7+ Qxf7 24. Nf5 O-O 25. Rh3 Rae8 26. Rf3 d4 27. Nxd4 Qd5 28. Kd1 Rxe3 29. Qxe3 Bxd4 30. Rxf8+ Kxf8 31. Qd2 Qf3+ 32. Kc2 Qe4+ 33. Kd1 Bd3 34. Qe1 Be3 35. Rc8+ Kf7 36. Rc7+ Kg8 37. Rxg7+ Kxg7 38. Qc3+ Kg6 39. h5+ Kg5 40. Qg7+ Kh4 0-1

[Event "WJCC U20 Open 2019"]
[Site "New Delhi"]
[Date "2019.10.21"]
[Round "7.27"]
[White "Hollan, Martin"]
[Black "Saurabh Anand"]
[Result "1/2-1/2"]
[ECO "A13"]
[WhiteElo "2403"]
[BlackElo "2236"]
[Annotator "NA"]
[PlyCount "81"]
[EventDate "2019.10.15"]
[EventType "swiss"]
[EventCountry "IND"]
[SourceTitle "playchess.com"]
[Source "ChessBase"]
[SourceQuality "1"]
[TimeControl "40/5400+30:1800+30"]

1. c4 e6 2. Nf3 Nf6 3. g3 d5 4. Bg2 dxc4 5. Na3 Bxa3 6. bxa3 Nbd7 {[%emt 0:01:19] A13: English Opening: 1...e6} (6... b5 7. Ne5 Nd5 8. d3 Qf6 9. Bf4 cxd3 10. Nxd3 Nxf4 11. gxf4 c6 12. O-O O-O 13. Qc1 a5 14. Qe3 {0-1 (33) Anton Guijarro,D (2666)-Halkias,S (2571) Riadh 2017}) 7. Bb2 O-O 8. Rc1 c5 9. Rxc4 b5 10. Rh4 Bb7 11. Qc2 Qe7 $146 ({Predecessor:} 11... h6 $11 {remains equal.} 12. g4 e5 13. Rg1 e4 14. g5 exf3 15. Bxf3 Bxf3 16. gxf6 Nxf6 17. Rxh6 Re8 18. Rxg7+ Kf8 19. Qxc5+ {1-0 (19) Krassowizkij,J (2439)-Baburin,A (2458) Illertissen 2018}) 12. Ne5 Nxe5 13. Bxe5 Rfb8 14. Bxf6 Qxf6 15. Qxh7+ Kf8 16. O-O Bxg2 17. Kxg2 Rd8 18. Rc1 c4 19. Rc3 g5 20. Rh5 Ke7 21. Rf3 Qg6 22. Qxg6 fxg6 23. Rh7+ Kd6 24. Rff7 a5 25. Rc7 Ra6 26. a4 Rc6 27. Rxc6+ Kxc6 28. axb5+ Kb6 29. Re7 Rxd2 30. Rxe6+ Kxb5 31. Re5+ Kb4 32. a3+ Kxa3 33. Rxa5+ Kb4 34. Rxg5 c3 35. Rxg6 Rd5 36. Rg4+ Kb3 37. Rg8 Rd4 38. Rb8+ Rb4 39. Rc8 Rc4 40. Rb8+ Rb4 41. Rc8 1/2-1/2

[Event "WJCC U20 Open 2019"]
[Site "New Delhi"]
[Date "2019.10.21"]
[Round "7.28"]
[White "Miciano, John Marvin"]
[Black "Di Benedetto, Edoardo"]
[Result "0-1"]
[ECO "A08"]
[WhiteElo "2345"]
[BlackElo "2401"]
[Annotator "NA"]
[PlyCount "82"]
[EventDate "2019.10.15"]
[EventType "swiss"]
[EventCountry "IND"]
[SourceTitle "playchess.com"]
[Source "ChessBase"]
[SourceQuality "1"]
[TimeControl "40/5400+30:1800+30"]

1. Nf3 d5 2. g3 c5 3. Bg2 Nc6 4. O-O Nf6 5. d3 Bg4 6. c3 e6 7. a3 a5 8. a4 Be7 9. Qb3 Qd7 10. Nbd2 O-O 11. Re1 Rfd8 12. h3 Bh5 13. e4 c4 14. dxc4 dxe4 15. Nxe4 Nxe4 16. Rxe4 Qd1+ 17. Qxd1 Rxd1+ 18. Ne1 Rad8 19. Bf1 f5 20. Rxe6 Kf7 21. Re3 Bc5 22. Nc2 Bxe3 23. Nxe3 Be2 24. Kg2 Bxf1+ 25. Nxf1 g5 26. Ne3 Re1 27. Nc2 Re2 28. Ne3 f4 29. gxf4 gxf4 30. Kf3 Re1 31. Kxf4 Rg8 32. Nf5 Rgg1 33. Ra3 Rxc1 34. Rb3 Nd8 35. Nd6+ Kf6 36. Nxb7 Ne6+ 37. Ke3 Rcd1 38. h4 Rge1+ 39. Kf3 Rd3+ 40. Kg2 Nf4+ 41. Kh2 Rh3# 0-1

[Event "WJCC U20 Open 2019"]
[Site "New Delhi"]
[Date "2019.10.21"]
[Round "7.30"]
[White "Batsuren, Dambasuren"]
[Black "Donoso Diaz, Sebastian"]
[Result "1-0"]
[ECO "D02"]
[WhiteElo "2454"]
[BlackElo "2203"]
[Annotator "ChessBase"]
[PlyCount "75"]
[EventDate "2019.10.15"]
[EventType "swiss"]
[EventCountry "IND"]
[SourceTitle "playchess.com"]
[Source "ChessBase"]
[SourceQuality "1"]
[TimeControl "40/5400+30:1800+30"]

1. d4 d5 2. Nf3 Nf6 3. g3 b5 4. Bg2 e6 5. O-O Be7 6. Qd3 Ba6 7. Ne5 O-O 8. a3 Ne8 9. Nd2 b4 10. Qe3 Nd6 11. g4 bxa3 12. b3 Bb7 13. Bxa3 Nd7 14. f4 Re8 15. c4 Nf8 16. Rfc1 Rb8 17. Nd3 h5 18. h3 Nh7 19. Bxd6 cxd6 20. Rxa7 Bf6 21. c5 hxg4 22. hxg4 dxc5 23. dxc5 Bc6 24. g5 Nxg5 25. fxg5 Bxg5 26. Qf2 f5 27. Rd1 Re7 28. Rxe7 Qxe7 29. Nf3 Bf6 30. Nd4 Bxd4 31. Qxd4 Rxb3 32. Ra1 Qg5 33. Qe5 Qh6 34. Nf4 Kh8 35. Nxe6 Re3 36. Qb8+ Kh7 37. Nd4 Re8 38. Qh2 1-0

[Event "WJCC U20 Open 2019"]
[Site "New Delhi"]
[Date "2019.10.21"]
[Round "7.31"]
[White "Tica, Sven"]
[Black "Papadiamandis, Elliot"]
[Result "1/2-1/2"]
[ECO "A05"]
[WhiteElo "2418"]
[BlackElo "2190"]
[Annotator "NA"]
[PlyCount "76"]
[EventDate "2019.10.15"]
[EventType "swiss"]
[EventCountry "IND"]
[SourceTitle "playchess.com"]
[Source "ChessBase"]
[SourceQuality "1"]
[TimeControl "40/5400+30:1800+30"]

1. Nf3 Nf6 2. g3 g6 3. b3 Bg7 4. Bb2 d5 5. c4 dxc4 6. bxc4 c5 7. Bg2 O-O 8. O-O Nc6 9. d3 Re8 10. Nc3 Bd7 11. Qd2 Rc8 12. Rfd1 b6 13. h3 Qc7 14. e3 Red8 15. Qe2 Na5 16. Rac1 a6 17. e4 e5 18. Nd5 Nxd5 19. exd5 Re8 20. Re1 f6 21. g4 Re7 22. g5 Rce8 23. gxf6 Bxf6 24. Nd2 Nb7 25. Ne4 Bg7 26. Rb1 Nd6 27. Bc1 Bf5 28. Bg5 Rf7 29. Ng3 Bd7 30. Qb2 b5 31. cxb5 axb5 32. Qc2 Rc8 33. Rec1 c4 34. dxc4 bxc4 35. Be3 Qa5 36. Bd2 Qa7 37. Be3 Qa5 38. Bd2 Qa7 1/2-1/2

[Event "WJCC U20 Open 2019"]
[Site "New Delhi"]
[Date "2019.10.21"]
[Round "7.32"]
[White "Dobrovoljc, Vid"]
[Black "Flores Quillas, Diego Saul Rodri"]
[Result "1-0"]
[ECO "B81"]
[WhiteElo "2389"]
[BlackElo "2164"]
[Annotator "NA"]
[PlyCount "113"]
[EventDate "2019.10.15"]
[EventType "swiss"]
[EventCountry "IND"]
[SourceTitle "playchess.com"]
[Source "ChessBase"]
[SourceQuality "1"]
[TimeControl "40/5400+30:1800+30"]

1. e4 c5 2. Nf3 e6 3. d4 cxd4 4. Nxd4 Nf6 5. Nc3 d6 6. g4 h6 7. h4 Nc6 8. Rg1 d5 9. exd5 Nxd5 10. Nxd5 exd5 11. Be3 Qxh4 12. Qe2 Be7 13. O-O-O O-O 14. Nf3 Bxg4 15. Nxh4 Bxe2 16. Bxe2 Bxh4 17. Bxh6 Bf6 18. Rxd5 Rfe8 19. Bxg7 Bxg7 20. Rdg5 Kf8 21. Rxg7 Rxe2 22. Rg8+ Ke7 23. Rxa8 Rxf2 24. c3 Kd7 25. Rd1+ Kc7 26. Re8 a5 27. Ree1 Rh2 28. Rf1 Ne5 29. Rd5 Rh5 30. Rxf7+ Kc6 31. Rfd7 Rh6 32. Rxe5 Kxd7 33. Rxa5 Rh1+ 34. Kc2 Kc6 35. Rg5 Rh2+ 36. Kb3 Rf2 37. Rh5 Rg2 38. a4 Rf2 39. Ka3 Rc2 40. Rh6+ Kc5 41. a5 Kb5 42. Rb6+ Kxa5 43. Rxb7 Rh2 44. b4+ Ka6 45. Rg7 Kb6 46. c4 Rh1 47. Rg6+ Kb7 48. Ka4 Rh5 49. Rg7+ Kc6 50. Rg6+ Kb7 51. c5 Rh4 52. Ka5 Rh7 53. b5 Kb8 54. c6 Ra7+ 55. Kb6 Rb7+ 56. Kc5 Rh7 57. Rg8+ 1-0

[Event "WJCC U20 Open 2019"]
[Site "New Delhi"]
[Date "2019.10.21"]
[Round "7.33"]
[White "Nitish Belurkar"]
[Black "Rakesh Kumar Jena"]
[Result "1-0"]
[ECO "B68"]
[WhiteElo "2311"]
[BlackElo "2355"]
[Annotator "NA"]
[PlyCount "77"]
[EventDate "2019.10.15"]
[EventType "swiss"]
[EventCountry "IND"]
[SourceTitle "playchess.com"]
[Source "ChessBase"]
[SourceQuality "1"]
[TimeControl "40/5400+30:1800+30"]

1. e4 c5 2. Nf3 Nc6 3. d4 cxd4 4. Nxd4 Nf6 5. Nc3 d6 6. Bg5 e6 7. Qd2 Be7 8. O-O-O a6 9. f4 Bd7 10. Nf3 b5 11. Bd3 h6 12. Bxf6 gxf6 13. Kb1 Qb6 14. f5 O-O-O 15. Ne2 Kb8 16. Nf4 Ne5 17. h4 Rhg8 18. h5 Rg3 19. fxe6 fxe6 20. Be2 Bc8 21. Qe1 Rg7 22. Nd4 d5 23. exd5 exd5 24. Bf3 Bc5 25. Nb3 Nxf3 26. gxf3 Bf2 27. Qf1 Bb7 28. Ne6 Qxe6 29. Qxf2 Qd6 30. Nd4 Rg5 31. f4 Rg4 32. f5 Rdg8 33. Qd2 Qf4 34. Qa5 Qe5 35. Qb6 Rc8 36. Rhe1 Re4 37. Rg1 Qe7 38. Rg8 Qf7 39. Nc6+ 1-0

[Event "WJCC U20 Open 2019"]
[Site "New Delhi"]
[Date "2019.10.21"]
[Round "7.35"]
[White "Jablonicky, Martin"]
[Black "Licheli, Luka"]
[Result "1/2-1/2"]
[ECO "A05"]
[WhiteElo "2333"]
[BlackElo "2010"]
[Annotator "NA"]
[PlyCount "137"]
[EventDate "2019.10.15"]
[EventType "swiss"]
[EventCountry "IND"]
[SourceTitle "playchess.com"]
[Source "ChessBase"]
[SourceQuality "1"]
[TimeControl "40/5400+30:1800+30"]

1. Nf3 Nf6 2. g3 b6 3. Bg2 Bb7 4. O-O g6 5. c4 Bg7 6. Nc3 O-O 7. d3 d5 8. Bd2 dxc4 9. dxc4 Ne4 10. Nxe4 Bxe4 11. Qc1 c5 12. Rd1 Nc6 13. Bh6 Qc7 14. Bxg7 Kxg7 15. Qe3 Bxf3 16. Bxf3 Rad8 17. Bxc6 Qxc6 18. Qxe7 Rde8 19. Qd7 Qxd7 20. Rxd7 Rxe2 21. b3 Ra8 22. Kf1 Rb2 23. Re1 a5 24. Ree7 Rf8 25. Rb7 Rxa2 26. Rxb6 a4 27. Rc7 Rb2 28. Rbb7 Rxb3 29. Ra7 a3 30. Rxc5 Rc3 31. Rcc7 h5 32. Kg2 g5 33. h3 Kg6 34. Rc6+ f6 35. Rcc7 Rg8 36. g4 hxg4 37. hxg4 Rd3 38. c5 Rc3 39. Rab7 a2 40. Ra7 Rc2 41. Kf3 Rb2 42. Ke3 Rb3+ 43. Kd4 Rb2 44. f3 Rf2 45. c6 f5 46. Rd7 Rd2+ 47. Kc5 Rc2+ 48. Kb6 fxg4 49. fxg4 Rb2+ 50. Kc7 Rg7 51. Rxg7+ Kxg7 52. Kc8+ Kf6 53. Ra5 Rc2 54. c7 Kg6 55. Kd7 Rd2+ 56. Ke7 Rc2 57. Ra6+ Kg7 58. Kd8 Rd2+ 59. Kc8 Rb2 60. Ra7 Kg6 61. Kd8 Rd2+ 62. Ke7 Rc2 63. Ra6+ Kg7 64. Kd6 Rd2+ 65. Ke5 Rc2 66. Rxa2 Rxc7 67. Kf5 Rc5+ 68. Ke4 Rc4+ 69. Kf3 1/2-1/2

[Event "WJCC U20 Open 2019"]
[Site "New Delhi"]
[Date "2019.10.21"]
[Round "7.36"]
[White "Sterck, Arno"]
[Black "Winkelman, Albert"]
[Result "0-1"]
[ECO "B21"]
[WhiteElo "2331"]
[BlackElo "2143"]
[Annotator "NA"]
[PlyCount "68"]
[EventDate "2019.10.15"]
[EventType "swiss"]
[EventCountry "IND"]
[SourceTitle "playchess.com"]
[Source "ChessBase"]
[SourceQuality "1"]
[TimeControl "40/5400+30:1800+30"]

1. e4 c5 2. d4 cxd4 3. c3 dxc3 4. Nxc3 Nc6 5. Nf3 d6 6. Bc4 e6 7. O-O Be7 8. Qe2 Nf6 9. Rd1 Qc7 10. Nb5 Qb8 11. Bf4 Ne5 12. Nxd6+ Bxd6 13. Rxd6 Qxd6 14. Nxe5 Qd4 15. Bb5+ Ke7 16. Rd1 Qxe4 17. Bd2 a5 18. Bxa5 Rxa5 19. Qd2 Nd5 20. Qg5+ Kd6 21. Nc4+ Kc7 22. Nxa5 Qb4 23. Qxg7 Rd8 24. Qxf7+ Kb8 25. Nc6+ bxc6 26. Bxc6 Ne7 27. Rc1 Qd2 28. Rf1 Nxc6 29. Qxh7 Ba6 30. Qe4 Bxf1 31. Qxc6 Ba6 32. h4 Qe1+ 33. Kh2 Qe5+ 34. g3 Bb7 0-1

[Event "WJCC U20 Open 2019"]
[Site "New Delhi"]
[Date "2019.10.21"]
[Round "7.38"]
[White "Li, William"]
[Black "Muradli, Mahammad"]
[Result "0-1"]
[ECO "E04"]
[WhiteElo "2161"]
[BlackElo "2459"]
[Annotator "ChessBase"]
[PlyCount "128"]
[EventDate "2019.10.15"]
[EventType "swiss"]
[EventCountry "IND"]
[SourceTitle "playchess.com"]
[Source "ChessBase"]
[SourceQuality "1"]
[TimeControl "40/5400+30:1800+30"]

1. d4 Nf6 2. c4 e6 3. Nf3 d5 4. g3 dxc4 5. Bg2 Bb4+ 6. Bd2 a5 7. Na3 Bxa3 8. bxa3 b5 9. Ne5 Nd5 10. e4 Nb6 11. d5 O-O 12. Be3 f6 13. Nc6 Nxc6 14. dxc6 Na4 15. e5 Nb2 16. Qxd8 Rxd8 17. O-O Ba6 18. Rab1 c3 19. exf6 gxf6 20. Rfc1 b4 21. Bf1 Bxf1 22. Kxf1 Rdb8 23. Ke2 Nc4 24. axb4 axb4 25. Kd3 Nb2+ 26. Kc2 Rxa2 27. Ra1 Rxa1 28. Rxa1 Nc4 29. Kb3 Nxe3 30. fxe3 Rb6 31. Rd1 Rxc6 32. Kxb4 c2 33. Rc1 Kg7 34. Kb5 Rc3 35. Kb4 Rxe3 36. Rxc2 Kg6 37. Kc4 h5 38. Kd4 Ra3 39. Ke4 h4 40. Kf4 hxg3 41. hxg3 Ra4+ 42. Kf3 Ra7 43. Ke4 Ra3 44. Kf4 e5+ 45. Kg4 f5+ 46. Kh4 Ra4+ 47. Kh3 Ra7 48. Rc6+ Kg5 49. Kg2 Ra2+ 50. Kf3 e4+ 51. Ke3 Rg2 52. Rxc7 Rxg3+ 53. Kf2 Ra3 54. Rh7 Kg4 55. Rg7+ Kf4 56. Rf7 Ra2+ 57. Kf1 Kg4 58. Ke1 f4 59. Rh7 e3 60. Kf1 Kf3 61. Rh3+ Kg4 62. Rh8 f3 63. Rg8+ Kh5 64. Rh8+ Kg6 0-1

[Event "WJCC U20 Open 2019"]
[Site "New Delhi"]
[Date "2019.10.21"]
[Round "7.39"]
[White "Muthaiah AL"]
[Black "Cansun, Can Alp"]
[Result "1-0"]
[ECO "E21"]
[WhiteElo "2370"]
[BlackElo "2199"]
[Annotator "NA"]
[PlyCount "90"]
[EventDate "2019.10.15"]
[EventType "swiss"]
[EventCountry "IND"]
[SourceTitle "playchess.com"]
[Source "ChessBase"]
[SourceQuality "1"]
[TimeControl "40/5400+30:1800+30"]

1. d4 Nf6 2. c4 e6 3. Nf3 b6 4. Nc3 Bb4 5. Bd2 Bb7 6. e3 O-O 7. Be2 Bxc3 8. Bxc3 Ne4 9. Rc1 d6 10. O-O f5 11. Be1 Nd7 12. Nd2 Qg5 13. d5 e5 14. f4 Qe7 15. Nxe4 fxe4 16. b4 exf4 17. exf4 Nf6 18. Bc3 Bc8 19. Bd4 a5 20. b5 Nd7 21. Rc3 Nf6 22. Re3 Bd7 23. g4 Rf7 24. g5 Ne8 25. Bg4 g6 26. Be6 Bxe6 27. Rxe4 Bg4 28. Rxe7 Bxd1 29. Rxf7 Kxf7 30. Rxd1 Ng7 31. Bxg7 Kxg7 32. Re1 Kf7 33. Kg2 Re8 34. Rxe8 Kxe8 35. Kg3 Kf7 36. Kg4 Kg7 37. f5 Kf7 38. h4 Kg7 39. h5 a4 40. a3 Kf7 41. fxg6+ hxg6 42. hxg6+ Kxg6 43. Kf4 Kg7 44. Kf5 Kf7 45. g6+ Ke7 1-0

[Event "WJCC U20 Open 2019"]
[Site "New Delhi"]
[Date "2019.10.21"]
[Round "7.40"]
[White "De Silva, L M S T"]
[Black "Raahul V S"]
[Result "0-1"]
[ECO "C50"]
[WhiteElo "1879"]
[BlackElo "2262"]
[Annotator "NA"]
[PlyCount "82"]
[EventDate "2019.10.15"]
[EventType "swiss"]
[EventCountry "IND"]
[SourceTitle "playchess.com"]
[Source "ChessBase"]
[SourceQuality "1"]
[TimeControl "40/5400+30:1800+30"]

1. e4 e5 2. Nf3 Nc6 3. Bc4 Nf6 4. d3 Bc5 5. O-O O-O 6. c3 d6 7. Bb3 a5 8. Nbd2 b5 9. Re1 a4 10. Bc2 Ng4 11. Re2 f5 12. h3 Nf6 13. Nf1 fxe4 14. dxe4 Qe8 15. Be3 Bxe3 16. Rxe3 Ne7 17. b3 Nh5 18. c4 bxc4 19. bxc4 Qg6 20. Kh2 Nf4 21. Ng3 Qh6 22. Kg1 g5 23. Nh2 Bxh3 24. Ng4 Bxg4 25. Qxg4 Nc6 26. Nf5 Qh5 27. Qg3 Kh8 28. Bd1 Qg6 29. Qh2 Nd4 30. g3 Nfe6 31. Rc1 g4 32. Nxd4 exd4 33. Rd3 Qxe4 34. Bc2 Ng5 35. Ra3 Qe2 36. Bd3 Nh3+ 37. Kh1 Nxf2+ 38. Kg1 Nh3+ 39. Kh1 Qf3+ 40. Qg2 Nf2+ 41. Kh2 Nxd3 0-1

[Event "WJCC U20 Open 2019"]
[Site "New Delhi"]
[Date "2019.10.21"]
[Round "7.41"]
[White "Maltezeanu, Stefan"]
[Black "Wagh Suyog"]
[Result "0-1"]
[ECO "B94"]
[WhiteElo "2102"]
[BlackElo "2229"]
[Annotator "NA"]
[PlyCount "92"]
[EventDate "2019.10.15"]
[EventType "swiss"]
[EventCountry "IND"]
[SourceTitle "playchess.com"]
[Source "ChessBase"]
[SourceQuality "1"]
[TimeControl "40/5400+30:1800+30"]

1. e4 c5 2. Nf3 d6 3. d4 cxd4 4. Nxd4 Nf6 5. Nc3 a6 6. Bg5 Nbd7 7. Bc4 e6 8. f3 b5 9. Bb3 Nc5 10. Qd2 Bb7 11. O-O-O Be7 12. h4 Rc8 13. Kb1 O-O 14. g4 b4 15. Na4 Qa5 16. Nxc5 dxc5 17. e5 cxd4 18. exf6 gxf6 19. Bh6 Rfd8 20. g5 Kh8 21. Rhg1 Qb5 22. Rde1 d3 23. Bg7+ Kxg7 24. gxf6+ Kf8 25. Qh6+ Ke8 26. fxe7 dxc2+ 27. Bxc2 Kxe7 28. Bb3 Qf5+ 29. Ka1 Rg8 30. Rxg8 Rxg8 31. Qd2 Qc5 32. Rd1 Bxf3 33. Qd7+ Kf6 34. Re1 Rg1 35. Qd2 Rxe1+ 36. Qxe1 Bh5 37. a4 bxa3 38. Qf1+ Kg7 39. Qg2+ Bg6 40. Ka2 axb2 41. Qxb2+ e5 42. Qe2 Qa5+ 43. Kb2 Qb5 44. Qg4 h5 45. Qg5 a5 46. Ka3 Qb4+ 0-1

[Event "WJCC U20 Open 2019"]
[Site "New Delhi"]
[Date "2019.10.21"]
[Round "7.42"]
[White "Dahanayake, Isara Banidu"]
[Black "Doluweera, Minul Sanjula"]
[Result "0-1"]
[ECO "B01"]
[WhiteElo "1771"]
[BlackElo "2191"]
[Annotator "NA"]
[PlyCount "104"]
[EventDate "2019.10.15"]
[EventType "swiss"]
[EventCountry "IND"]
[SourceTitle "playchess.com"]
[Source "ChessBase"]
[SourceQuality "1"]
[TimeControl "40/5400+30:1800+30"]

1. e4 d5 2. exd5 Qxd5 3. Nc3 Qd6 4. d4 Nf6 5. Nf3 g6 6. Nb5 Qb6 7. c4 c6 8. Nc3 Bg7 9. h3 O-O 10. Bd3 Nbd7 11. Qc2 c5 12. d5 e5 13. dxe6 Qxe6+ 14. Be3 b6 15. O-O Bb7 16. Rfe1 Bxf3 17. Bxc5 Ne5 18. Bxf8 Bxf8 19. Nb5 Rd8 20. Qc3 Rxd3 21. Qxd3 Nxd3 22. Rxe6 fxe6 23. gxf3 Nxb2 24. Nxa7 Nxc4 25. Re1 e5 26. Rc1 Nd2 27. Rc3 Bc5 28. Rd3 Nc4 29. Rc3 Na5 30. Rd3 Kf7 31. Kg2 Ke6 32. Nb5 Nc6 33. Nc3 Nh5 34. Rd1 Nf4+ 35. Kg3 Nd4 36. Ne4 Nde2+ 37. Kh2 Bd4 38. Rd2 Nc3 39. Nxc3 Bxc3 40. Rc2 Bd4 41. Rc7 h5 42. Kg3 Kd6 43. Rc2 Ke6 44. Rc6+ Kf5 45. Rc2 Nd3 46. Rd2 Nxf2 47. Kg2 h4 48. a4 Kf4 49. Re2 g5 50. Re1 Nd3 51. Re4+ Kf5 52. Re2 Nf4+ 0-1

[Event "WJCC U20 Open 2019"]
[Site "New Delhi"]
[Date "2019.10.21"]
[Round "7.43"]
[White "Davis, Holden"]
[Black "Aravena Navarro, Alexis Andres"]
[Result "0-1"]
[ECO "B21"]
[WhiteElo "1817"]
[BlackElo "2023"]
[Annotator "NA"]
[PlyCount "68"]
[EventDate "2019.10.15"]
[EventType "swiss"]
[EventCountry "IND"]
[SourceTitle "playchess.com"]
[Source "ChessBase"]
[SourceQuality "1"]
[TimeControl "40/5400+30:1800+30"]

1. e4 c5 2. d4 cxd4 3. c3 Nf6 4. e5 Nd5 5. Nf3 Nc6 6. cxd4 d6 7. Bc4 Nb6 8. Bb5 Bd7 9. Nc3 e6 10. O-O Nb4 11. a3 Bxb5 12. Nxb5 N4d5 13. Bg5 Qd7 14. Qe2 h6 15. Bd2 a6 16. Nxd6+ Bxd6 17. exd6 O-O 18. Ne5 Qxd6 19. Qg4 Nf6 20. Qh4 Nbd5 21. a4 Ne7 22. Rfd1 Nf5 23. Qh3 Rfd8 24. Bc3 Rac8 25. Nf3 Nd5 26. Bd2 Rc4 27. b3 Rc2 28. Ne5 b5 29. axb5 axb5 30. Ra7 Rdc8 31. g4 Rxd2 32. Rxd2 Rc1+ 33. Kg2 Nf4+ 34. Kf3 Qd5+ 0-1

[Event "WJCC U20 Open 2019"]
[Site "New Delhi"]
[Date "2019.10.21"]
[Round "7.44"]
[White "Sivathanujan, S."]
[Black "Lama, Milan"]
[Result "0-1"]
[ECO "B32"]
[WhiteElo "1766"]
[BlackElo "1976"]
[Annotator "NA RC"]
[PlyCount "68"]
[EventDate "2019.10.15"]
[EventType "swiss"]
[EventCountry "IND"]
[SourceTitle "playchess.com"]
[Source "ChessBase"]
[SourceQuality "1"]
[TimeControl "40/5400+30:1800+30"]

1. e4 c5 2. Nf3 Nc6 3. d4 cxd4 4. Nxd4 g6 5. Be3 Bg7 6. Nc3 Nf6 7. f3 O-O 8. Nb3 a5 9. a4 Nb4 10. Qd2 d5 11. O-O-O Be6 12. Nc5 b6 13. Nxe6 fxe6 14. g4 Rc8 15. g5 Nh5 16. Bh3 Rxc3 17. Bxe6+ Kh8 18. bxc3 Na2+ 19. Kb2 Bxc3+ 20. Qxc3+ Nxc3 21. Bd4+ Ng7 22. Bxc3 Qd6 23. Bxd5 Qf4 24. h4 h5 25. gxh6 Qxh6 26. h5 g5 27. Bb3 Kh7 28. Rd7 Rxf3 29. Be5 Rxb3+ 30. cxb3 Qe6 31. Rd5 Qg4 32. Bc3 Qg2+ 33. Ka3 Qxh1 34. Rxg5 Qc1+ 0-1

[Event "WJCC U20 Open 2019"]
[Site "New Delhi"]
[Date "2019.10.21"]
[Round "7.45"]
[White "Hamad Essam"]
[Black "Swarnavo Choudhury"]
[Result "1/2-1/2"]
[ECO "B40"]
[WhiteElo "1849"]
[BlackElo "1797"]
[Annotator "NA"]
[PlyCount "81"]
[EventDate "2019.10.15"]
[EventType "swiss"]
[EventCountry "IND"]
[SourceTitle "playchess.com"]
[Source "ChessBase"]
[SourceQuality "1"]
[TimeControl "40/5400+30:1800+30"]

1. e4 c5 2. Nf3 e6 3. c3 d5 4. exd5 exd5 5. d4 Nc6 6. Bb5 Bd6 7. dxc5 Bxc5 8. O-O Nge7 9. Nbd2 O-O 10. Nb3 Bb6 11. Nbd4 Bg4 12. Qd3 Qd6 13. Re1 Bc7 14. g3 Ng6 15. Bxc6 bxc6 16. Ng5 h6 17. Bf4 Qd7 18. Bxc7 hxg5 19. Ba5 c5 20. f3 Bh3 21. Nc2 Bf5 22. Qd2 Rfe8 23. Rxe8+ Rxe8 24. Re1 Ne5 25. Rxe5 Rxe5 26. Ne3 d4 27. cxd4 Qxd4 28. Kf2 Be6 29. Qc1 Rxe3 30. Qxe3 Qxb2+ 31. Qd2 Qa3 32. Qd8+ Kh7 33. Bd2 c4 34. Qxg5 Qd6 35. Bc3 Qf8 36. h4 f6 37. Qe3 Qa3 38. Qe4+ Kh8 39. Qxe6 Qxc3 40. Qe8+ Kh7 41. Qh5+ 1/2-1/2

[Event "WJCC U20 Open 2019"]
[Site "New Delhi"]
[Date "2019.10.22"]
[Round "8.5"]
[White "Gazik, Viktor"]
[Black "Costachi, Mihnea"]
[Result "0-1"]
[ECO "D11"]
[WhiteElo "2546"]
[BlackElo "2463"]
[Annotator "RC"]
[PlyCount "74"]
[EventDate "2019.10.15"]
[EventType "swiss"]
[EventCountry "IND"]
[SourceTitle "playchess.com"]
[Source "ChessBase"]
[SourceQuality "1"]
[TimeControl "40/5400+30:1800+30"]

1. d4 d5 2. c4 c6 3. Nf3 Nf6 4. e3 Bg4 5. h3 Bh5 6. g4 Bg6 7. Ne5 Nbd7 8. Nxg6 hxg6 9. Bg2 e6 10. Nd2 Bb4 11. a3 Bxd2+ 12. Bxd2 g5 13. O-O Nf8 14. b4 dxc4 15. Rc1 Ng6 16. Rxc4 Nh4 17. Qe2 Nxg2 18. Kxg2 Nd5 19. e4 Nf4+ 20. Bxf4 gxf4 21. Rd1 Qf6 22. Qf3 O-O 23. Rc5 Rad8 24. g5 Qg6 25. h4 f6 26. Kh3 b6 27. Rxc6 fxg5 28. h5 Qe8 29. d5 Rf6 30. b5 Rh6 31. dxe6 g4+ 32. Qxg4 Rxd1 33. Qxd1 Rxh5+ 34. Kg4 Qg6+ 35. Kxf4 Qg5+ 36. Kf3 Rh3+ 37. Ke2 Qxb5+ 0-1